 Dungeon Crawl Stone Soup version 0.27.1 (webtiles) character file.

Game seed: 4177960066135894878

556 Gwenloh the Slasher (level 7, -1/57 HPs)
             Began as a Barachi Berserker on Aug 24, 2021.
             Was a Follower of Trog.
             Slain by an ogre (18 damage)
             ... on level 4 of the Dungeon.
             The game lasted 00:10:00 (3593 turns).

Gwenloh the Slasher (Barachi Berserker)             Turns: 3593, Time: 00:10:01

Health: -1/57      AC: 12    Str: 19    XL:     7   Next: 30%
Magic:  7/7        EV:  9    Int:  7    God:    Trog [*.....]
Gold:   120        SH:  5    Dex: 13    Spells: 6/6 levels left

rFire    . . .     SeeInvis .   a - +0 falchion
rCold    . . .     Faith    .   (no shield)
rNeg     . . .     Spirit   .   m - +0 chain mail
rPois    .         Reflect  +   (no helmet)
rElec    .         Harm     .   l - +0 cloak
rCorr    .         Rampage  .   c - +0 pair of gloves
Will     ++...                  (no boots)
Stlth    ..........             j - amulet of reflection
HPRegen  1.19/turn              (no ring)
MPRegen  0.10/turn              (no ring)

@: strong-willed (expiring), on berserk cooldown, regenerating (expiring),
slowed, very slow
A: amphibious, slowness 1, strong legs 1, +LOS
a: Hop, Renounce Religion, Berserk


You were on level 4 of the Dungeon.
You worshipped Trog.
Trog was aware of your devotion.
You visited 1 branch of the dungeon, and saw 4 of its levels.

You collected 120 gold pieces.

Inventory:

Hand Weapons
 a - a +0 falchion (weapon)
Missiles
 g - 30 stones (quivered)
 p - 8 boomerangs
Armour
 c - a +0 pair of gloves (worn)
 l - a +0 cloak (worn)
 m - a +0 chain mail (worn)
 o - a +0 scale mail
Jewellery
 j - an amulet of reflection (around neck)
Wands
 n - a wand of flame (7)
Scrolls
 d - 5 scrolls of identify {unknown}
 e - a scroll of fear {unknown}
 i - 3 scrolls of blinking {unknown}
 q - a scroll of immolation {unknown}
Potions
 b - a potion of cancellation {unknown}
 f - 2 potions of lignification {unknown}
 h - a potion of degeneration {unknown}
 k - 2 potions of mutation {unknown}
 r - a potion of heal wounds {unknown}


   Skills:
 + Level 5.7 Fighting
 + Level 5.8 Long Blades
 + Level 5.1 Armour
 + Level 4.6 Dodging


You had 6 spell levels left.
You didn't know any spells.
Your spell library was empty.

Dungeon Overview and Level Annotations

Branches:
Dungeon (4/15)
 Temple: D:4-7

Altars:

Annotations:
D:4 1 runed translucent door, Edmund; Hydra2011's ghost, amateur PaFi


Innate Abilities, Weirdness & Mutations

You are amphibious.
You cover ground slowly.
You can hop short distances.
You have an extended range of vision and can be seen from far away.


Message History

The adder barely misses you. The endoplasm barely misses you.
You slash the adder!
You kill the adder!
Trog accepts your kill.
You can now call upon Trog for regeneration and willpower.
The endoplasm freezes you.
You are frozen.
You slash the endoplasm!
You kill the endoplasm!
Trog accepts your kill.
You are no longer berserk.
You are exhausted.
You feel yourself slow down.
You feel the effects of Trog's Hand fading.
r - a bubbling sapphire potion HP restored.
Your skin stops crawling.
You feel less strong-willed.
An ogre comes into view. It is wielding a +0 giant club.
The ogre shouts!
You hit the ogre.
The ogre is lightly wounded.
The ogre hits you with a +0 giant club!!
You slash the ogre!
The ogre is moderately wounded.
The ogre hits you with a +0 giant club!!
* * * LOW HITPOINT WARNING * * *
Edmund the Younger comes into view.
He is wielding a +0 flail of protection.
You are too injured to fight recklessly!
Okay, then.
Your skin crawls.
You feel strong-willed.
You can no longer call upon Trog for regeneration and willpower.
You feel the effects of Trog's Hand fading.
Edmund shouts!
The ogre barely misses you.
You riposte.
You hit the ogre.
The ogre is heavily wounded.
The ogre misses you.
Edmund grinds his teeth, and then sighs.
The ogre hits you with a +0 giant club!!
You die...

...##...##... ..#
..##.....##.# ##.##
..#⌠.!♣!.⌠#.# #...#
#.##.....##.# #...#
#..##...##.. #...#####.#.#.#
....##.##.. #..............
#..#+#.. ######...#####......
#......###................#.#
#.#.......@O...@........
#.##.###..........(....#
...####....#
#####......###..#
.........### #......... ..
########.# #....#.#### # #.#
#....#.# #### ##.######
#......# ...# #.......#
###..... ##.####.#####.#
.#.###


You could see Edmund and an ogre.

Vanquished Creatures
  Grinder (D:4)
  Sigmund (D:3)
  A howler monkey (D:4)
  Crazy Yiuf (D:2)
  Terence (D:3)
  3 adders
  A worm (D:3)
  9 orcs
  5 ball pythons
  4 bats
  3 endoplasms
  2 giant cockroaches
  3 goblins
  5 hobgoblins
  6 kobolds
  2 quokkas
  6 frilled lizards
  6 rats
60 creatures vanquished.

Notes
Turn   | Place    | Note
-------+----------+-------------------------------------------
     0 | D:1      | Gwenloh the Barachi Berserker began the quest for the Orb.
     0 | D:1      | Reached XP level 1. HP: 18/18 MP: 1/1
   255 | D:1      | Reached XP level 2. HP: 18/25 MP: 2/2
   356 | D:1      | Found a faded altar of an unknown god.
  1255 | D:2      | Found a runed translucent door.
  1256 | D:2      | Noticed Crazy Yiuf
  1485 | D:2      | Reached XP level 3. HP: 30/30 MP: 3/3
  1761 | D:2      | Killed Crazy Yiuf
  1762 | D:2      | Reached XP level 4. HP: 5/37 MP: 0/4
  2032 | D:2      | 1
  2129 | D:3      | Noticed Sigmund
  2129 | D:3      | Noticed Terence
  2439 | D:3      | Killed Terence
  2983 | D:3      | Killed Sigmund
  2984 | D:3      | Reached skill level 5 in Fighting
  2984 | D:3      | Reached skill level 5 in Long Blades
  2984 | D:3      | Reached XP level 5. HP: 44/44 MP: 5/5
  2984 | D:3      | Reached XP level 6. HP: 51/51 MP: 6/6
  3150 | D:3      | Reached ** piety under Trog
  3542 | D:4      | Noticed Hydra2011's ghost (amateur PaFi)
  3544 | D:4      | Found a runed translucent door.
  3558 | D:4      | Noticed Grinder
  3567 | D:4      | Killed Grinder
  3568 | D:4      | Reached skill level 5 in Armour
  3568 | D:4      | Reached XP level 7. HP: 57/57 MP: 7/7
  3590 | D:4      | Noticed Edmund
  3593 | D:4      | Slain by an ogre

Illustrated notes

..#...........# #.#
..............# #.#
......#######.# #.#
#####.# ### ###
#.....# #....##
....#.##♣♣ #####
......#..♣♣ ♣♣#..)#
..........♣♣♣♣.)@).#
.<......♣.)♣..♣#...#
.######...♣.♣♣♣#####
......##♣♣♣♣♣
#######


Turn 2032 on D:2: 1

Levels and vault maps discovered:
D:1:      grunt_arrival_lava_bath, layout_loops_ring,
          ebering_ecumenical_altar_abandoned
D:2:      minmay_general_purpose_star, layout_basic, corner_web_ring,
          uniq_crazy_yiuf_cottage
D:3:      layout_basic, nrook_mini_vaults, uniq_sigmund, uniq_terence
D:4:      layout_loops_cross, regret_index_temple_of_mockery,
          hellmonk_ghost_happy_afterlife, kennysheep_generic_room_10,
          uniq_edmund, uniq_grinder, uniq_robin

Skill      XL: |  1  2  3  4  5  6 |
---------------+-------------------+-----
Long Blades    | 4 5 |  5.8
Fighting       | 4 5 |  5.7
Armour         | 3 4 5 |  5.1
Dodging        | 3 4 |  4.6

Action                   |  1- 3 |  4- 6 |  7- 9 || total
-------------------------+-------+-------+-------++-------
Melee: Falchion          |    76 |    81 |     9 ||   166
Throw: Stone             |    12 |    52 |       ||    64
Invok: Berserk           |     2 |     5 |       ||     7
       Trog's Hand       |       |     2 |     1 ||     3
 Abil: Hop               |       |     2 |       ||     2
Evoke: Wand              |       |     7 |       ||     7
 Stab: Sleeping          |     2 |       |       ||     2
Armor: Animal skin       |     9 |       |       ||     9
       Scale mail        |       |     9 |       ||     9
       Leather armour    |       |     2 |       ||     2
       Chain mail        |       |    18 |     1 ||    19
Dodge: Dodged            |    43 |    25 |     7 ||    75
Block: Other             |       |    18 |       ||    18
       Reflection        |       |     1 |       ||     1
       Rpst.: Falchion   |    16 |     7 |     2 ||    25
